 Dungeon Sprint DCSS version 0.22.0-6-g71bd7aa (webtiles) character file.

280 poirepourri the Warrior (level 9, -12/104 HPs)
             Began as a Minotaur Fighter on Aug 14, 2018.
             Was a High Priest of Wu Jian.
             Mangled by a nine-headed hydra (13 damage)
             ... summoned by a witch
             ... in the Dungeon (Sprint VI: "Thunderdome").
             The game lasted 00:02:33 (612 turns).

poirepourri the Warrior (Minotaur Fighter)           Turns: 612, Time: 00:02:34

Health: -12/104    AC:  6    Str: 32    XL:     9   Next: 38%
Magic:  17/17      EV:  7    Int:  5    God:    Wu Jian [*****.]
Gold:   420        SH: 11    Dex: 15    Spells: 8/8 levels left

rFire    . . .     SeeInvis .   a - +0 war axe
rCold    . . .     Gourm    .   c - +0 shield
rNeg     . . .     Faith    .   b - +0 scale mail
rPois    +         Spirit   .   (helmet restricted)
rElec    +         Reflect  .   (no cloak)
rCorr    .         Harm     .   (no gloves)
MR       +....     NoTele   +   (no boots)
Stlth    +.........             p - amulet "Ozafaydi" {Acrobat Dex+2 Stlth+}
HPRegen  0.27/turn              q - ring "Kaeckagh" {rElec rPois rF+ Str+5}
MPRegen  0.15/turn              s - ring of Haqufiewn {rElec rF- MR+ MP+9 Str+6}

@: no status effects
A: retaliatory headbutt, horns 2
a: Wall Jump, Serpent's Lash, Heavenly Storm, Renounce Religion


You were in the Dungeon.
You worshipped Wu Jian.
Wu Jian was extremely pleased with you.
You were not hungry.

You visited 1 branch You collected 600 gold pieces.
You spent 180 gold pieces at shops.

Inventory:

Hand Weapons
 a - a +0 war axe (weapon)
Armour
 b - a +0 scale mail (worn)
 c - a +0 shield (worn)
Jewellery
 p - the amulet "Ozafaydi" (around neck) {Acrobat Dex+2 Stlth+}
   (You bought it in a shop in the Dungeon)

   [amulet of the acrobat]

   It helps you evade while moving and waiting.
   It affects your dexterity (+2).
   It makes you more stealthy.
 q - the ring "Kaeckagh" (left hand) {rElec rPois rF+ Str+5}
   (You bought it in a shop in the Dungeon)

   [ring of protection from fire]

   It affects your strength (+5).
   It protects you from fire.
   It insulates you from electricity.
   It protects you from poison.
 r - the ring "Ulups" {rF+ Int+2 Dex-5 Slay+3}
   (You bought it in a shop in the Dungeon)

   [ring of intelligence]

   It affects your intelligence (+2).
   It affects your dexterity (-5).
   It affects your accuracy and damage with ranged weapons and melee attacks
   (+3).
   It protects you from fire.
 s - the ring of Haqufiewn (right hand) {rElec rF- MR+ MP+9 Str+6}
   (You bought it in a shop in the Dungeon)

   [ring of magical power]

   It affects your strength (+6).
   It makes you vulnerable to fire.
   It insulates you from electricity.
   It affects your resistance to hostile enchantments.
   It affects your magic capacity (+9).
Wands
 m - a wand of acid (5)
 n - a wand of iceblast (5)
Scrolls
 k - 4 scrolls of blinking
 o - 3 scrolls of fog
Potions
 e - a potion of curing
 h - 4 potions of haste
 i - 2 potions of magic
 j - a potion of berserk rage
 l - a potion of resistance
Comestibles
 f - a ration


   Skills:
 + Level 17.6 Fighting
 - Level 17.0 Axes
 - Level 3.6 Armour
 - Level 3.6 Shields


You had 8 spell levels left.
You didn't know any spells.
Your spell library was empty.

Dungeon Overview and Level Annotations

Branches:
Dungeon (1/1)

Altars:
Cheibriados
Dithmenos
Fedhas
Gozag
Kikubaaqudgha
Makhleb
Okawaru
Qazlal
Ru
Sif Muna
Trog
Uskayaw
Vehumet
Wu Jian
Xom
Yredelemnul
Zin
The Shining One
Beogh
Jiyva
Lugonu

Shops:
D *[%??*?*:[((!!!!


Innate Abilities, Weirdness & Mutations

You reflexively headbutt those who attack you in melee.
You have a pair of horns on your head.


Message History

You block the seven-headed hydra's attack.
The seven-headed hydra bites you but does no damage. x2
You spin and attack the witch.
You slash the witch! You headbutt the witch.
The witch is severely wounded.
You spin and attack the seven-headed hydra repeatedly.
You slice one of the seven-headed hydra's heads off!
The six-headed hydra grows two more!
You hit the eight-headed hydra.
The eight-headed hydra is lightly wounded.
You hack one of the eight-headed hydra's heads off!
The seven-headed hydra grows two more!
You slice the nine-headed hydra!!
The nine-headed hydra is moderately wounded.
You block the witch's attack. The nine-headed hydra bites you!
* * * LOW HITPOINT WARNING * * *
The nine-headed hydra bites you!
* * * LOW HITPOINT WARNING * * *
You block the nine-headed hydra's attack.
The nine-headed hydra bites you!
* * * LOW HITPOINT WARNING * * *
The nine-headed hydra bites you!
You die...

##.....## ##∩.....∩##
#∩.......∩# #_......._#
#_....[.._# #_......._#
###.........###
#⌠...........⌠#
######.8D@.......8.######
##∩___...§p.###......___∩##
###∩....)...8.# #.8........∩#
##.............###............
#⌠.........[###...###÷........
#⌠.....(†...# #.<.# #.........
#⌠...)(((...###...###.........
##.............###............
###∩........8.# #.8........∩#


You could see a nine-headed hydra (pinned) and a witch (pinned).

Vanquished Creatures
  An orc warlord (D)
  An orc knight (D)
  A spiny frog (D)
  2 wraiths (D)
  A swamp drake (D)
  A big kobold (D)
  Blork the orc (D)
  2 wights (D)
  3 jellies (D)
  An orc priest (D)
  2 orc wizards (D)
  Ijyb (D)
  3 oozes (D)
  A spectral bat (D)
  A goblin (D)
  3 kobolds (D)
  A spectral quokka (D)
26 creatures vanquished.

Notes
Turn   | Place    | Note
-------+----------+-------------------------------------------
     0 | D        | poirepourri the Minotaur Fighter began the quest for the Orb.
     0 | D        | Reached XP level 1. HP: 19/19 MP: 0/0
     0 | D        | Found a blossoming altar of Fedhas.
     0 | D        | Found an iron altar of Okawaru.
     3 | D        | Found an opulent altar of Gozag.
     3 | D        | Found a radiant altar of Vehumet.
     4 | D        | Found a sacrificial altar of Ru.
     4 | D        | Found a shimmering altar of Xom.
     5 | D        | Found an ancient bone altar of Kikubaaqudgha.
     5 | D        | Round 1.
     6 | D        | Found Kulock's Delicious Food.
     6 | D        | Found a stormy altar of Qazlal.
     6 | D        | Found Liamieh's Identification Station.
     7 | D        | Found Cuitzedy's Jewellery.
     7 | D        | Found Egoiso Vota's Advanced Armour.
     7 | D        | Found a basalt altar of Yredelemnul.
    15 | D        | Bought a scorched ivory amulet for 45 gold pieces
    15 | D        | Bought a slimy glass ring for 45 gold pieces
    15 | D        | Bought a scorched gossamer ring for 45 gold pieces
    15 | D        | Identified the amulet "Ozafaydi" {Acrobat Dex+2 Stlth+} (You bought it in a shop in the Dungeon)
    16 | D        | Identified the ring "Kaeckagh" {rElec rPois rF+ Str+5} (You bought it in a shop in the Dungeon)
    17 | D        | Identified the ring "Ulups" {rF+ Int+2 Dex-5 Slay+3} (You bought it in a shop in the Dungeon)
    18 | D        | Bought a fine iron ring for 45 gold pieces
    19 | D        | Identified the ring of Haqufiewn {rElec rF- MR+ MP+9 Str+6} (You bought it in a shop in the Dungeon)
    23 | D        | Found a glowing silver altar of Zin.
    29 | D        | Found a shadowy altar of Dithmenos.
    29 | D        | Found a snail-covered altar of Cheibriados.
    29 | D        | Found Zedaerex's Premium Goods.
    29 | D        | Found Cuag's Miscellaneous Merchandise.
    30 | D        | Found Jasir's Basic Armour.
    31 | D        | Found a bloodstained altar of Trog.
    31 | D        | Found Usapul's Weapon Rack.
    41 | D        | Found a corrupted altar of Lugonu.
    41 | D        | Found a deep blue altar of Sif Muna.
    41 | D        | Found Kuosidot's Do-It-Yourself Clinic.
    41 | D        | Found Ujeto's Bottled Wisdom.
    42 | D        | Found Kiybrih's Distillery.
    43 | D        | Found a glowing golden altar of the Shining One.
    43 | D        | Found a hide-covered altar of Uskayaw.
    43 | D        | Found a roughly hewn altar of Beogh.
    43 | D        | Found Qenig's Distillery.
    47 | D        | Found a burning altar of Makhleb.
    48 | D        | Found an ornate altar of the Wu Jian Council.
    49 | D        | Found a viscous altar of Jiyva.
    50 | D        | Found Osibi's Staff Store.
    51 | D        | Found Jasoasulei's Must-Have Magic.
    51 | D        | Found Koilowk's Magic Scroll Shop.
    52 | D        | Found Ipoi's Magic Scroll Shop.
    54 | D        | Noticed Ijyb
    57 | D        | Became a worshipper of the Wu Jian Council
    66 | D        | Killed Ijyb
    66 | D        | Reached XP level 2. HP: 24/26 MP: 1/1
   108 | D        | Reached * piety under Wu Jian
   108 | D        | Reached XP level 3. HP: 31/31 MP: 2/2
   143 | D        | Noticed a big kobold
   154 | D        | Killed a big kobold
   154 | D        | Reached ** piety under Wu Jian
   154 | D        | Arena points: 14 (+14) [x2]
   154 | D        | Reached skill level 10 in Axes
   154 | D        | Reached XP level 4. HP: 31/39 MP: 3/3
   204 | D        | Round 2.
   211 | D        | Reached XP level 5. HP: 44/45 MP: 4/4
   228 | D        | Reached *** piety under Wu Jian
   237 | D        | Arena points: 56 (+42) [x3]
   280 | D        | Round 3.
   308 | D        | Noticed a wraith
   320 | D        | Killed a wraith
   320 | D        | Reached skill level 15 in Axes
   320 | D        | Reached XP level 6. HP: 35/51 MP: 5/5
   331 | D        | Noticed a wraith
   334 | D        | Reached **** piety under Wu Jian
   338 | D        | Killed a wraith
   338 | D        | Reached XP level 7. HP: 38/57 MP: 6/6
   395 | D        | Reached ***** piety under Wu Jian
   395 | D        | Arena points: 140 (+84) [x4]
   421 | D        | Round 4.
   422 | D        | Noticed an orc knight
   433 | D        | Reached skill level 5 in Fighting
   435 | D        | Killed an orc knight
   435 | D        | Reached XP level 8. HP: 48/82 MP: 7/7
   473 | D        | Noticed an orc warlord
   488 | D        | Killed an orc warlord
   488 | D        | Reached XP level 9. HP: 73/101 MP: 8/8
   492 | D        | Noticed Blork the orc
   494 | D        | Killed Blork the orc
   494 | D        | Arena points: 280 (+140) [x5]
   572 | D        | Round 5.
   592 | D        | Noticed a spiny frog
   594 | D        | Noticed a witch
   598 | D        | Noticed a five-headed hydra
   600 | D        | Killed a spiny frog
   607 | D        | Noticed a five-headed hydra
   612 | D        | HP: 1/104 [nine-headed hydra[a witch] (11)]
   612 | D        | Mangled by a nine-headed hydra

Skill      XL: |  1  2  3  4  5  6  7  8  9 |
---------------+----------------------------+-----
Axes           | 7 10 12 15 16 17 | 17.0
Fighting       | 11 16 17 | 17.6
Armour         | |  3.6
Shields        | |  3.6

Action                   |  1- 3 |  4- 6 |  7- 9 || total
-------------------------+-------+-------+-------++-------
Melee: War axe           |    20 |    26 |    49 ||    95
       Headbutt          |     1 |     8 |    16 ||    25
Invok: Lunge             |     1 |     2 |     5 ||     8
       Wall Jump         |       |       |     4 ||     4
       Whirlwind         |       |       |     2 ||     2
       Serpent's Lash    |       |       |     1 ||     1
  Use: Potion            |       |       |     5 ||     5
Armor: Scale mail        |     6 |     5 |    11 ||    22
Dodge: Dodged            |     5 |     1 |     7 ||    13
Block: Shield            |    13 |     6 |    21 ||    40
